 Dungeon Crawl Stone Soup version 0.28-a0-172-g787e458d71 (webtiles) character file.

Game seed: 7915823064242794853

103 Spaninq the Sneak (level 4, 0/24 HPs)
             Began as a Vampire Enchanter on Aug 16, 2021.
             Slain by an ufetubus (3 damage)
             ... on level 3 of the Dungeon.
             The game lasted 00:05:35 (2437 turns).

Spaninq the Sneak (Vampire Enchanter)               Turns: 2437, Time: 00:05:36

Health: 0/24       AC:  2    Str:  7    XL:     4   Next: 51%
Magic:  4/7        EV: 12    Int: 17    God:
Gold:   70         SH:  0    Dex: 15    Spells: 5/7 levels left

rFire   . . .      SeeInvis +   a - +1 dagger
rCold   + + .      Faith    .   (no shield)
rNeg    + + +      Spirit   .   b - +0 robe
rPois   ∞          Reflect  .   (no helmet)
rElec   .          Harm     .   (no cloak)
rCorr   .          Rampage  .   (no gloves)
Will    .....                   (no boots)
Stlth   +++++.....              (no amulet)
HPRegen 0.00/turn               (no ring)
MPRegen 0.10/turn               (no ring)

@: bloodless, inhibited regen
A: bloodless, fangs 3, see invisible, vampiric 2
a: Bat Form, Revivify


You were on level 3 of the Dungeon.
You visited 1 branch of the dungeon, and saw 3 of its levels.

You collected 70 gold pieces.

Inventory:

Hand Weapons
 a - a +1 dagger (weapon)
Armour
 b - a +0 robe (worn)
Scrolls
 d - 2 scrolls of identify {unknown}
 g - a scroll of blinking {unknown}
 h - a scroll of teleportation {unknown}
 i - a scroll of brand weapon {unknown}
 l - a scroll of enchant armour {unknown}
 m - a scroll of immolation {unknown}
Potions
 c - a potion of invisibility
 e - a potion of resistance {unknown}
 f - 2 potions of might {unknown}
 j - a potion of flight {unknown}
 k - a potion of berserk rage {unknown}
 n - 2 potions of degeneration {unknown}


   Skills:
 + Level 2.1 Short Blades
 - Level 2.3 Dodging
 * Level 6.0 Stealth
 + Level 2.4 Spellcasting
 + Level 5.2 Hexes
 + Level 1.1 Ice Magic


You had 5 spell levels left.
You knew the following spells:

 Your Spells              Type           Power      Damage    Failure   Level
a - Ensorcelled Hibernat  Hex/Ice        26%        N/A       8%          2

Your spell library contained the following spells:

 Spells                   Type           Power      Damage    Failure   Level
 Confusing Touch          Hex            20%        N/A       6%          3
 Tukima's Dance           Hex            20%        N/A       6%          3
 Dazzling Flash           Conj/Hex       22%        N/A       19%         3


Dungeon Overview and Level Annotations

Branches:
Dungeon (3/15)

Altars:


Innate Abilities, Weirdness & Mutations

You do not regenerate when monsters are visible.
You are frail without blood (-20% HP).
You can heal yourself when you bite living creatures.
You are immune to poison.
You have razor-sharp teeth.
You have supernaturally acute eyesight. (SInv)
You are afflicted with vampirism and can become a bat while bloodless.


Message History

You bite the jackal, and draw its blood!
You impale the jackal!!
You kill the jackal!
n - 2 bubbling grey potions (gained 1)
You start resting.
An ufetubus is nearby!
The ufetubus hits you. The ufetubus barely misses you.
There is an open door here.
You closely miss the ufetubus. The ufetubus closely misses you.
The ufetubus hits you.
Casting: Ensorcelled Hibernation (safe; 8% risk of failure)
Confirm with . or Enter, or press ? or * to list all spells.
You can't see any susceptible monsters within range! (Use Z to cast anyway.)
You miss the ufetubus. The ufetubus closely misses you.
The ufetubus misses you. The ufetubus hits you. x2
You hit the ufetubus but do no damage. The ufetubus hits you. x2
You closely miss the ufetubus. The ufetubus closely misses you. x2
You barely miss the ufetubus. Your bite misses the ufetubus.
The ufetubus misses you. The ufetubus hits you. The ufetubus barely misses you.
The ufetubus closely misses you.
You closely miss the ufetubus. The ufetubus closely misses you.
The ufetubus hits you.
You hit the ufetubus but do no damage. The ufetubus closely misses you.
The ufetubus hits you.
* * * LOW HITPOINT WARNING * * *
You closely miss the ufetubus. The ufetubus barely misses you.
The ufetubus hits you.
* * * LOW HITPOINT WARNING * * *
The ufetubus barely misses you. The ufetubus hits you.
* * * LOW HITPOINT WARNING * * *
The ufetubus hits you but does no damage.
The ufetubus closely misses you.
You see here 7 javelins.
Why would you want to do that? The ufetubus closely misses you.
The ufetubus hits you but does no damage.
The ufetubus hits you.
* * * LOW HITPOINT WARNING * * *
The ufetubus hits you.
You die...

#..)...# #.### #......#
#.#.######## #......#
#.#......... ..
#.[....###.#.########
#...##..†...#.............
......(...........>.......
.#####.###.#.#.#.#.......
#.'######.#.#.#.######
#.#..@.≈#.#.#.........
#.#..5.≈#.#+#...######
#†#..(.≈#.....########
#.#≈≈≈≈≈#..........†..
#.######'.....######## ###
#.......# ..#.....# .
#####.. #.. ###


You could see an ufetubus.

Vanquished Creatures
  4 gnolls (D:2)
  An adder (D:2)
  A worm (D:2)
  A dart slug (D:2)
  3 ball pythons
  An endoplasm (D:1)
  2 giant cockroaches (D:1)
  7 goblins
  5 hobgoblins
  2 jackals (D:3)
  4 kobolds
  2 quokkas (D:2)
  5 bats
  A frilled lizard (D:1)
  9 rats
48 creatures vanquished.

Vanquished Creatures (others)
  21 fungi (D:3)
21 creatures vanquished.

Grand Total: 69 creatures vanquished

Notes
Turn   | Place    | Note
-------+----------+-------------------------------------------
     0 | D:1      | Spaninq the Vampire Enchanter began the quest for the Orb.
     0 | D:1      | Reached XP level 1. HP: 13/13 MP: 3/3
   308 | D:1      | Reached XP level 2. HP: 12/15 MP: 5/5
   311 | D:1      | Learned a level 2 spell: Ensorcelled Hibernation
   477 | D:1      | Found a faded altar of an unknown god.
  1215 | D:2      | Reached skill level 5 in Stealth
  1268 | D:2      | Gained mutation: You are afflicted with vampirism and can
                  | become a bat while bloodless. [Vampire growth]
  1268 | D:2      | Reached XP level 3. HP: 14/19 MP: 3/6
  1654 | D:2      | Reached skill level 5 in Hexes
  1815 | D:2      | Reached skill level 1 in Ice Magic
  1815 | D:2      | Reached XP level 4. HP: 24/24 MP: 2/7
  2404 | D:3      | Reached skill level 6 in Stealth
  2437 | D:3      | Slain by an ufetubus

Illustrated notes

Levels and vault maps discovered:
D:1:      dpeg_arrival_three_smaller_balls, layout_basic,
          shapermc_ecumenical_altar_starsandcircs
D:2:      layout_loops_ring, amcnicky_mini_pool_small
D:3:      layout_basic, mainiacjoe_overflow_catch_the_wave, serial_rivers,
          chequers_serial_rivers_room_a, chequers_serial_rivers_room_b,
          chequers_serial_rivers_small_3, chequers_serial_rivers_micro_b,
          chequers_serial_rivers_large_a, chequers_serial_rivers_room_a

Skill      XL: |  1  2  3  4 |
---------------+-------------+-----
Stealth        | 5 6 |  6.0
Hexes          | 5 |  5.2
Short Blades   | 2 |  2.1
Ice Magic      | 1 |  1.1
Dodging        | |  2.3
Spellcasting   | |  2.4

Action                   |  1- 3 |  4- 6 || total
-------------------------+-------+-------++-------
Melee: Dagger            |    53 |    23 ||    76
       Bite              |     1 |       ||     1
 Cast: Ensorcelled Hiber |    24 |     9 ||    33
 Abil: Exsanguinate      |     1 |       ||     1
 Stab: Sleeping          |    27 |    12 ||    39
Armor: Robe              |    10 |     3 ||    13
Dodge: Dodged            |    24 |    18 ||    42

Table legend: (Time is in decaauts)
 A = Elapsed time spent in this place.
 B = Non-inter-level travel time spent in this place.
 C = Inter-level travel time spent in this place.
 D = Time resting spent in this place.
 E = Time spent auto-exploring this place.
 F = Levels seen in this place.
 G = Mean time per level.
                   A        B        C        D        E       F      G
               +--------+--------+--------+--------+--------+-----+--------+
         Total |   2434 |   2345 |     89 |    433 |   1465 |   3 |  811.3 |
       Dungeon |   2434 |   2345 |     89 |    433 |   1465 |   3 |  811.3 |
               +--------+--------+--------+--------+--------+-----+--------+

Top non-repeatable levels by time:
     D:1: 1418 daAuts
     D:2: 832 daAuts
     D:3: 183 daAuts
